Map: Abiogenesis LE

Players

Infamous - Winner!

  • Race: Protoss Protoss
  • League: Silver
  • Spawn Location: 11:00

exaltedshmo

  • Race: Terran Terran
  • League: Silver
  • Spawn Location: 5:00

VOD

Have the link to the VOD?

Description

Time

  • Played on: March 19, 2018, 10:03 a.m.
  • Length: 6:01
Show
View Real Time Build Order
Export as new Build Order

Infamous Protoss - Winner!

Build Orders:  

Get SALT Encoding   

  12  0:02  Probe  
  13  0:17  Pylon, Probe  
  14  0:29  Probe  
  15  0:43  Gateway  
  15  0:47  Probe  
  16  0:59  Probe  
  16  1:02  Assimilator  
  17  1:12  Probe  
  18  1:21  Gateway  
  18  1:25  Pylon  
  18  1:34  Probe  
  18  1:38  Zealot  
  21  1:45  Cybernetics Core  
  21  1:46  Probe  
  22  1:49  Assimilator  
  22  2:00  Probe  
  23  2:08  Pylon  
  23  2:12  Probe  
  24  2:18  Warp Gate (Chrono Boost)  
  24  2:32  Robotics Facility  
  24  2:34  Adept x2 (Chrono Boost)  
  28  2:45  Probe  
  28  2:47  Pylon  
  29  3:24  Observer  
  29  3:25  Probe  
  31  3:32  Forge  
  31  3:36  Nexus  
  31  3:45  Probe  
  32  3:51  Pylon  
  32  3:57  Immortal  
  36  4:16  Gateway  
  36  4:24  Shield Battery  
  36  4:26  Stalker  
  38  4:35  Gateway  
  38  4:39  Probe  
  39  4:51  Immortal  
  43  4:57  Probe x2  
  45  5:06  Sentry x2  
  49  5:23  Probe  
  49  5:24  Gateway  
  50  5:29  Pylon  
  50  5:36  Stalker x2  
Show
View Real Time Build Order
Export as new Build Order

exaltedshmo Terran 

Build Orders:  

Get SALT Encoding   

  12  0:01  SCV  
  13  0:14  Supply Depot  
  13  0:18  SCV  
  14  0:29  Supply Depot  
  14  0:31  SCV  
  15  0:45  Barracks  
  15  0:53  Refinery  
  15  0:56  SCV  
  16  1:08  SCV  
  17  1:20  SCV  
  17  1:22  Barracks  
  18  1:35  Marine  
  18  1:39  Orbital Command  
  19  1:53  Reaper  
  20  2:08  SCV  
  20  2:12  Barracks Reactor  
  21  2:20  Engineering Bay  
  21  2:37  SCV  
  22  2:38  Marine  
  22  2:43  Refinery  
  23  2:47  Factory  
  23  2:50  Marine x2  
  25  3:22  Marine x2, SCV  
  25  3:23  Marine  
  25  3:26  Command Center  
  29  3:30  Factory Tech Lab  
  29  3:34  SCV  
  30  3:40  Marine  
  31  3:43  Barracks Reactor  
  31  3:44  Barracks Tech Lab  
  31  3:53  Supply Depot x2  
  31  3:54  Supply Depot  
  31  4:14  Marine x3, Siege Tank, SCV  
  38  4:28  Starport  
  38  4:33  SCV  
  38  4:34  Marine x2  
  38  4:35  Marine  
  42  4:47  Orbital Command  
  42  4:51  Refinery  
  42  4:53  Siege Tank  
  44  5:18  Marine x2  
  44  5:20  Marauder  
  48  5:23  Starport Tech Lab  
  48  5:26  SCV  
  49  5:36  Marine x2  
  49  5:37  SCV  
  49  5:41  Marine  
  53  5:47  Barracks  
Tags
 
Add a new tag
Caveats
  • Supply blocks, unpowered buildings, or Contaminate may cause inaccurate times.
  • Supply counts are checked every 10 seconds.